 Dungeon Crawl Stone Soup version 0.30-a0-916-g98134172ad (webtiles) character file.

Game seed: 18118046823336477768

22570 112233 the Thaumaturge (level 12, -5/99 HPs)
             Began as a Mummy Necromancer on Mar 20, 2023.
             Was an Initiate of Gozag.
             Slain by an eight-headed hydra (7 damage)
             ... on level 4 of the Lair of Beasts.
             The game lasted 00:22:28 (16257 turns).

112233 the Thaumaturge (Mummy Necromancer)         Turns: 16257, Time: 00:22:29

Health: -5/99      AC:  9    Str: 14    XL:     12   Next: 64%
Magic:  21/29      EV: 18    Int: 19    God:    Gozag
Gold:   2565       SH:  0    Dex: 19    Spells: 22/37 levels left

rFire   x . .      SeeInvis .    k - +8 mace of Stained Tender Mercy {elec, Str+3}
rCold   + . .      Faith    +    (no shield)
rNeg    + + +      Spirit   .    z - +2 robe {Will+}
rPois   ∞          Reflect  .    (no helmet)
rElec   .          Rampage  .    d - +2 cloak
rCorr   .                        x - +0 pair of gloves
Will    +++..                    s - +0 pair of boots
Stlth   ++                       h - amulet of magic regeneration
HPRegen 0.36/turn                b - ring of willpower
MPRegen 0.61/turn                g - +6 ring of dexterity

@: no status effects
A: cold resistance 1, negative energy resistance 3, torment resistance 2, heat
vulnerability 1, in touch with death 1, no potions, faith
a: Renounce Religion, Potion Petition, Call Merchant, Bribe Branch


You were on level 4 of the Lair of Beasts.
You worshipped Gozag.
Gozag was most pleased with you.
You visited 3 branches of the dungeon, and saw 16 of its levels.

You collected 2725 gold pieces.
You spent 104 gold pieces at shops.
You paid 56 gold pieces to Gozag.

Inventory:

Hand Weapons
 k - the +8 mace of Stained Tender Mercy (weapon) {elec, Str+3}
   (You found it on level 2 of the Dungeon)

   Str:       It affects your strength (+3).
Armour
 d - a +2 cloak (worn)
 s - a +0 pair of boots (worn)
 x - a +0 pair of gloves (worn)
 y - the +3 ring mail of the Shore {Str+4 Dex+3}
   (You found it on level 10 of the Dungeon)

   Str:       It affects your strength (+4).
   Dex:       It affects your dexterity (+3).
 z - a +2 robe of willpower (worn)
Jewellery
 b - a ring of willpower (left hand)
 c - an amulet of regeneration
 g - a +6 ring of dexterity (right hand)
 h - an amulet of magic regeneration (around neck)
 i - a ring of protection from cold
 l - an amulet of reflection
Wands
 v - a wand of charming (6)
 A - a wand of flame (8)
 B - a wand of mindburst (7)
Scrolls
 a - a scroll of amnesia {unknown}
 e - 8 scrolls of identify
 f - 2 scrolls of magic mapping
 j - 3 scrolls of teleportation
 m - a scroll of torment
 n - 2 scrolls of fear
 o - 7 scrolls of vulnerability
 p - 3 scrolls of fog
 q - 2 scrolls of noise
 r - 2 scrolls of butterflies
 t - a scroll of poison
 u - a scroll of brand weapon
 w - a scroll of immolation


   Skills:
 + Level 10.6 Fighting
 + Level 9.2 Dodging
 - Level 1.5 Stealth
 * Level 13.4 Spellcasting
 + Level 4.0 Conjurations
 - Level 9.0 Necromancy
 + Level 4.0 Fire Magic


You had 22 spell levels left.
You knew the following spells:

 Your Spells              Type           Power      Damage    Failure   Level
a - Necrotise             Necr           100%       1d9       1%          1
b - Vampiric Draining     Necr           63%        2d10      1%          3
c - Agony                 Necr           63%        N/A       3%          5
d - Passwall              Tmut/Erth      10%        N/A       8%          2
e - Sticky Flame          Conj/Fire      28%        2d5       10%         4

Your spell library contained the following spells:

 Spells                   Type           Power      Damage    Failure   Level
 Sandblast                Erth           24%        2d8       5%          1
 Slow                     Hex            48%        N/A       5%          1
 Sting                    Tmut/Pois      48%        1d5       5%          1
 Summon Small Mammal      Summ           48%        N/A       5%          1
 Stone Arrow              Conj/Erth      40%        3d9       7%          3
 Lesser Beckoning         Tloc           24%        N/A       8%          2
 Poisonous Vapours        Pois/Air       24%        N/A       8%          2
 Ignite Poison            Fire/Tmut/Pois 17%        N/A       9%          3
 Call Canine Familiar     Summ           12%        N/A       16%         3
 Confusing Touch          Hex            12%        N/A       16%         3
 Frozen Ramparts          Ice            24%        1d4       16%         3
 Gell's Gravitas          Tloc           12%        N/A       16%         3
 Summon Guardian Golem    Hex/Summ       12%        N/A       16%         3
 Teleport Other           Tloc           12%        N/A       16%         3
 Olgreb's Toxic Radiance  Pois           12%        N/A       45%         4
 Summon Ice Beast         Ice/Summ       12%        N/A       45%         4
 Summon Hydra             Summ           6%         N/A       100%        7
 Ignition                 Fire           14%        3d6       100%        8
 Sublimation of Blood     Necr           Unusable   N/A       N/A         2
 Animate Dead             Necr           Unusable   N/A       N/A         4
 Wereblood                Tmut           Unusable   N/A       N/A         2
 Ice Form                 Ice/Tmut       Unusable   N/A       N/A         4

Dungeon Overview and Level Annotations

Branches:
Dungeon (11/15)            Temple (1/1) D:4            Lair (4/5) D:8
 Shoals (0/4) Lair:2       Spider (0/4) Lair:2
  Slime: Lair:4-5       Orc: D:9-12

Altars:
Ashenzari
Cheibriados
Dithmenos
Fedhas
Gozag
Hepliaklqana
Kikubaaqudgha
Makhleb
Nemelex Xobeh
Okawaru
Qazlal
Ru
Sif Muna
Trog
Vehumet
Wu Jian
Xom

Shops:
D:2 ?   D:4 [   D:9 :

Annotations:
D:6 1 runed translucent door, Crazy Yiuf, Maggie
Lair:2 exclusion: upstairs


Innate Abilities, Weirdness & Mutations

You are immune to poison.
Your flesh is cold resistant. (rC+)
You are immune to negative energy. (rN+++)
You are immune to unholy pain and torment.
You are vulnerable to heat. (rF-)
You are in touch with the powers of death.
You do not drink.
You have a special connection with the divine. (Faith)


Message History

The eight-headed hydra closely misses you.
The eight-headed hydra bites you. The eight-headed hydra bites you!
* * * LOW HITPOINT WARNING * * *
Unknown command.
Okay, then.
Casting: Vampiric Draining (safe; 1% risk of failure)
Confirm with . or Enter, or press ? or * to list all spells.
Aiming: Vampiric Draining (safe; 1% risk of failure)
Press: ? - help, Shift-Dir - straight line, f/p - eight-headed hydra
Aim: an eight-headed hydra (heavily wounded)
You feel a surge of power!
You draw life force from the eight-headed hydra!
You feel life coursing into your body!
The eight-headed hydra bites you but does no damage.
The eight-headed hydra misses you. The eight-headed hydra bites you!
* * * LOW HITPOINT WARNING * * *
The eight-headed hydra bites you.
* * * LOW HITPOINT WARNING * * *
The eight-headed hydra bites you.
* * * LOW HITPOINT WARNING * * *
The eight-headed hydra bites you.
* * * LOW HITPOINT WARNING * * *
The eight-headed hydra bites you.
* * * LOW HITPOINT WARNING * * *
The eight-headed hydra closely misses you.
Unknown command.
Okay, then.
Unknown command.
Okay, then.
As you read the scroll of torment, it crumbles to dust.
You feel a surge of unholy energy.
The eight-headed hydra convulses!
The yak convulses!
The eight-headed hydra bites you but does no damage.
The eight-headed hydra bites you.
* * * LOW HITPOINT WARNING * * *
The eight-headed hydra misses you. The eight-headed hydra bites you!
* * * LOW HITPOINT WARNING * * *
The eight-headed hydra bites you!
You die...
Your body crumbles into a pile of gold.

......>...##.......##............
.................................
...................>.............
..##....)..........P.#.#.......##
.#.#...............#.....#.......
..............(..................
................Y...Y............
##P##.#........#D######...####.##
####.##....#.###@###P.#..##P#P.#
...............................
..........).....................
....#.##....#.#..#.##P..##.##.P.
..#.#.##....###...#.P.....###...
................................
................................
...........#######P........)....
...........P.P.P###.............


You could see an eight-headed hydra and a yak.

Vanquished Creatures
  Erica (Lair:2)
  A two-headed ogre (D:9)
  Urug (Lair:2)
  Sonja (Lair:2)
  A skyshark (Lair:2)
  A pharaoh ant (Lair:2)
  Pikel (D:8)
  2 manticores (D:11)
  6 elephants
  A black mamba (Lair:2)
  2 unseen horrors
  A rime drake (Lair:4)
  2 cane toads
  A komodo dragon (Lair:4)
  A troll (D:8)
  4 polar bears (Lair:2)
  A hornet (D:10)
  A tarantella (Lair:2)
  5 blink frogs (Lair:4)
  Sigmund (D:3)
  A jumping spider (Lair:2)
  33 yaks
  6 wyverns
  A redback (Lair:2)
  A steam dragon (D:7)
  Grum (D:8)
  A basilisk (Lair:2)
  An acid dragon (D:11)
  7 water moccasins
  Duvessa (D:6)
  3 orc warriors
  An ice beast (D:5)
  2 sky beasts (D:7)
  2 black bears
  An ogre (D:4)
  10 wolves
  A phantom (D:5)
  4 centaurs (Lair:2)
  5 bullfrogs
  3 scorpions
  Dowan (D:6)
  7 electric eels
  3 howler monkeys (D:10)
  4 crimson imps (D:5)
  8 orc priests
  9 hounds
  2 sleepcaps
  A jelly (D:6)
  3 iguanas
  Natasha (thrice) (D:2)
  9 orc wizards
  4 gnolls (D:3)
  5 adders
  2 shadow imps
  A white imp (D:6)
  A worm (D:4)
  2 dart slugs (D:1)
  27 orcs
  9 ball pythons
  6 bats
  2 endoplasms
  A giant cockroach (D:3)
  3 goblins
  9 hobgoblins
  3 jackals (D:3)
  3 quokkas
  4 frilled lizards
  10 kobolds
  3 rats
265 creatures vanquished.

Vanquished Creatures (collateral kills)
  A bullfrog (Lair:4)
  A hobgoblin (D:3)
  A frilled lizard (D:1)
  A rat (D:1)
4 creatures vanquished.

Vanquished Creatures (others)
  A yak (Lair:2)
  6 fungi
  37 plants
44 creatures vanquished.

Grand Total: 313 creatures vanquished

Notes
Turn   | Place    | Note
-------+----------+-------------------------------------------
     0 | D:1      | 112233 the Mummy Necromancer began the quest for the Orb.
     0 | D:1      | Reached XP level 1. HP: 13/13 MP: 4/4
   482 | D:1      | Reached skill level 3 in Spellcasting
   482 | D:1      | Reached XP level 2. HP: 20/20 MP: 0/6
   799 | D:1      | Reached skill level 1 in Fighting
  1047 | D:1      | Gained mutation: You are in touch with the powers of death.
                  | [Mummy growth]
  1047 | D:1      | Reached XP level 3. HP: 26/26 MP: 4/7
  1052 | D:1      | Learned a level 3 spell: Vampiric Draining
  1302 | D:2      | Noticed Natasha
  1317 | D:2      | Killed Natasha
  1585 | D:2      | Reached XP level 4. HP: 33/33 MP: 6/9
  1690 | D:2      | Identified the +8 mace of Stained Tender Mercy {elec,
                  | Str+3}
  1697 | D:2      | Noticed Natasha
  1704 | D:2      | Killed Natasha
  1879 | D:2      | Noticed Natasha
  1883 | D:2      | Killed Natasha
  2000 | D:2      | Reached skill level 4 in Spellcasting
  2000 | D:2      | Reached XP level 5. HP: 38/38 MP: 9/11
  2036 | D:2      | Found Yplaz's Magic Scroll Shoppe.
  2044 | D:2      | Bought a scroll of torment for 104 gold pieces
  2362 | D:3      | Noticed Sigmund
  2510 | D:3      | Killed Sigmund
  2511 | D:3      | Reached skill level 5 in Necromancy
  2511 | D:3      | Reached XP level 6. HP: 46/46 MP: 3/12
  2681 | D:3      | Found a broken altar of Ashenzari.
  3157 | D:4      | Reached skill level 5 in Spellcasting
  3282 | D:4      | Found a staircase to the Ecumenical Temple.
  3308 | Temple   | Entered the Ecumenical Temple
  3349 | Temple   | Became a worshipper of Gozag Ym Sagoz the Greedy
  3413 | D:4      | Reached XP level 7. HP: 48/52 MP: 8/14
  3578 | D:4      | Found Zuceul's Armour Emporium.
  3915 | D:4      | Learned a level 5 spell: Agony
  3932 | D:5      | Entered Level 5 of the Dungeon
  4136 | D:5      | Reached skill level 6 in Spellcasting
  4166 | D:5      | Reached XP level 8. HP: 60/61 MP: 6/17
  4469 | D:5      | Found a shimmering altar of Xom.
  4922 | D:6      | Reached skill level 5 in Fighting
  4956 | D:6      | Noticed Duvessa
  4956 | D:6      | Noticed Dowan
  4967 | D:6      | Killed Duvessa
  4974 | D:5      | Reached skill level 7 in Spellcasting
  5104 | D:6      | Killed Dowan
  5188 | D:6      | Found a sacrificial altar of Ru.
  5188 | D:6      | Noticed Maggie
  5417 | D:6      | Found a shimmering blue altar of Sif Muna.
  5429 | D:6      | Reached skill level 5 in Dodging
  5453 | D:6      | Got Sif Muna's Catalogue of Shapes
  5458 | D:6      | Found a bloodstained altar of Trog.
  5551 | D:6      | Found a burning altar of Makhleb.
  5609 | D:6      | Found a runed translucent door.
  5610 | D:6      | Noticed Crazy Yiuf
  5942 | D:7      | Reached XP level 9. HP: 62/69 MP: 12/20
  5986 | D:7      | Found a shadowy altar of Dithmenos.
  6994 | D:8      | Reached skill level 8 in Spellcasting
  7476 | D:8      | Noticed a troll
  7528 | D:8      | Killed a troll
  7706 | D:8      | Found a staircase to the Lair.
  7871 | D:8      | Killed an unseen horror
  8046 | D:8      | Learned a level 2 spell: Passwall
  8181 | D:8      | Noticed Pikel
  8186 | D:8      | Noticed Grum
  8192 | D:8      | Reached skill level 9 in Spellcasting
  8197 | D:8      | Killed Pikel
  8198 | D:8      | Reached XP level 10. HP: 79/79 MP: 5/23
  8207 | D:8      | Killed Grum
  8570 | Lair:1   | Entered Level 1 of the Lair of Beasts
  8817 | D:9      | Noticed a two-headed ogre
  8827 | D:9      | Killed a two-headed ogre
  8933 | D:9      | Reached skill level 10 in Spellcasting
  9207 | D:9      | Found an ancient bone altar of Kikubaaqudgha.
  9376 | D:9      | Found Cejodi's Book Emporium.
  9596 | D:10     | Entered Level 10 of the Dungeon
 10100 | D:10     | Identified the +3 ring mail of the Shore {Str+4 Dex+3}
 10400 | D:10     | Reached XP level 11. HP: 71/87 MP: 22/25
 11078 | D:11     | Reached skill level 11 in Spellcasting
 12146 | D:8      | Learned a level 4 spell: Sticky Flame
 12437 | D:8      | Reached skill level 1 in Conjurations
 12437 | D:8      | Reached skill level 1 in Fire Magic
 12787 | Lair:2   | Found a hole to the Spider Nest.
 12787 | Lair:2   | Noticed a pharaoh ant
 12958 | Lair:2   | Killed a pharaoh ant
 13009 | Lair:2   | Noticed Urug
 13057 | Lair:2   | Reached skill level 12 in Spellcasting
 13542 | Lair:2   | Killed Urug
 13543 | Lair:2   | Reached skill level 10 in Fighting
 13646 | Lair:2   | Reached XP level 12. HP: 78/97 MP: 7/28
 13656 | Lair:2   | Noticed Sonja
 13691 | Lair:2   | Killed Sonja
 13882 | Lair:2   | Noticed Erica
 13894 | Lair:2   | Killed Erica
 14863 | Lair:2   | Found a staircase to the Shoals.
 15183 | Lair:3   | You fall into a shaft and drop 1 floor!
 15285 | Lair:4   | Reached skill level 13 in Spellcasting
 15668 | Lair:4   | Identified the +0 chain mail "Gecaj" {+Inv Regen+ rCorr}
 16236 | Lair:4   | Noticed an eight-headed hydra
 16257 | Lair:4   | HP: 2/99 [eight-headed hydra (9)]
 16257 | Lair:4   | Slain by an eight-headed hydra

Illustrated notes

Levels and vault maps discovered:
D:1:      psy_arrival_whirlpool, layout_basic, minmay_octomino_c4
D:2:      layout_loops_ring, serial_shops, shop, uniq_natasha
D:3:      layout_basic, mainiacjoe_overflow_tiny_flanked, grunt_ministairs_1,
          uniq_sigmund
D:4:      layout_rooms, minmay_temple_entry_waves, serial_shops, shop
D:5:      layout_loops_cross, led_xom_imps
D:6:      layout_basic, nzn_overflow_gifts_of_might_and_magic,
          nicolae_overflow_hidden_temple, uniq_crazy_yiuf_cottage, uniq_duvessa,
          uniq_maggie
D:7:      layout_layer_cave, nicolae_dithmenos_shadow_blocks
D:8:      layout_basic, erik_lair_island, uniq_grum, uniq_pikel
D:9:      layout_irregular_city, nicolae_kikubaaqudgha_miasma_corner,
          nicolae_tso_swordbearing_angel, serial_shops, nicolae_shop_statue_plus
D:10:     layout_roguey, wad_floor_pattern_1
D:11:     layout_roguey, grunt_ministairs_4, serial_bayou_lake_a
Temple:   nicolae_temple_hex_pool
Lair:1:   layout_regular_city, minivault_26, chequers_serial_rivers_small_3,
          serial_bayou_pond_a, grunt_megastairs_3, lemuel_fruit_fields
Lair:2:   layout_cave_pods, minmay_shoals_entry_centaurs,
          nicolae_spider_entry_lesser_pyramids, grunt_megastairs_5, uniq_urug,
          uniq_sonja, uniq_erica
Lair:3:   layout_regular_city, st_stairs_3, chequers_serial_rivers_small_a,
          gammafunk_lair_bear_cave
Lair:4:   layout_long_grid

Skill      XL: |  1  2  3  4  5  6  7  8  9 10 11 12 |
---------------+-------------------------------------+-----
Spellcasting   | 3 4 5 6 7 9 10 12 13 | 13.4
Fighting       | 1 2 3 4 5 7 8 10 | 10.6
Dodging        | 2 3 4 5 6 7 8 9 |  9.2
Necromancy     | 5 6 7 8 9 |  9.0
Conjurations   | 2 4 |  4.0
Fire Magic     | 2 4 |  4.0
Stealth        | |  1.5

Action                     |  1- 3 |  4- 6 |  7- 9 | 10-12 || total
---------------------------+-------+-------+-------+-------++-------
  Melee: Unarmed           |    21 |     1 |       |       ||    22
         Mace              |       |    31 |   101 |   101 ||   233
         Punch             |       |       |     2 |     1 ||     3
   Cast: Necrotise         |    56 |    54 |    69 |    60 ||   239
         Vampiric Draining |     1 |    11 |    90 |   291 ||   393
         Agony             |       |       |       |    20 ||    20
  Evoke: Wand              |       |       |     2 |    16 ||    18
    Use: Scroll            |     3 |     2 |     5 |     4 ||    14
   Stab: Sleeping          |       |     2 |     2 |       ||     4
 Armour: Robe              |     7 |    20 |    41 |   118 ||   186
  Dodge: Dodged            |    31 |    26 |   140 |   473 ||   670

Table legend: (Time is in decaauts)
 A = Elapsed time spent in this place.
 B = Non-inter-level travel time spent in this place.
 C = Inter-level travel time spent in this place.
 D = Time resting spent in this place.
 E = Time spent auto-exploring this place.
 F = Levels seen in this place.
 G = Mean time per level.
                   A        B        C        D        E       F      G
               +--------+--------+--------+--------+--------+-----+--------+
         Total |  16395 |  15873 |    522 |   3790 |   9671 |  16 | 1024.7 |
       Dungeon |  12605 |  12166 |    439 |   2438 |   8003 |  11 | 1145.9 |
        Temple |     69 |     38 |     31 |      0 |     30 |   1 |   69.0 |
          Lair |   3720 |   3668 |     52 |   1352 |   1638 |   4 |  930.0 |
               +--------+--------+--------+--------+--------+-----+--------+

Top non-repeatable levels by time:
     D:8: 2335 daAuts
  Lair:2: 2329 daAuts
    D:11: 1445 daAuts
     D:1: 1225 daAuts
     D:2: 1157 daAuts
     D:7: 1094 daAuts
    D:10: 1022 daAuts
     D:6: 1011 daAuts
     D:5: 940 daAuts
     D:9: 875 daAuts
     D:4: 759 daAuts
     D:3: 738 daAuts
  Lair:4: 727 daAuts
  Lair:3: 443 daAuts
  Lair:1: 221 daAuts
